 Dungeon Crawl Stone Soup version 0.29-a0-504-gec6baf379c (webtiles) character file.

Game seed: 6156553867057016084

55 Morbidden the Gusty (level 3, -2/20 HPs)
             Began as a Tengu Air Elementalist on May 28, 2022.
             Slain by Terence
             ... wielding a +0 flail
              (4 damage)
             ... on level 2 of the Dungeon.
             The game lasted 00:02:33 (2057 turns).

Morbidden the Gusty (Tengu Air Elementalist)        Turns: 2057, Time: 00:02:33

Health: -2/20      AC:  3    Str:  8    XL:     3   Next: 93%
Magic:  1/7        EV: 12    Int: 17    God:
Gold:   71         SH:  0    Dex: 14    Spells: 3/6 levels left

rFire   . . .      SeeInvis .   (no weapon)
rCold   . . .      Faith    .   (no shield)
rNeg    . . .      Spirit   .   a - +0 robe
rPois   .          Reflect  .   (helmet restricted)
rElec   .          Harm     .   (no cloak)
rCorr   .          Rampage  .   g - +0 pair of gloves
Will    .....                   (boots unavailable)
Stlth   ++........              (no amulet)
HPRegen 0.06/turn               h - ring of flight
MPRegen 0.10/turn               (no ring)

@: flying
A: beak, talons 3
a: no special abilities


You were on level 2 of the Dungeon.
You visited 1 branch of the dungeon, and saw 2 of its levels.

You collected 71 gold pieces.

Inventory:

Armour
 a - a +0 robe (worn)
 g - a +0 pair of gloves (worn)
Jewellery
 h - a ring of flight (left hand)
Scrolls
 c - a scroll of vulnerability {unknown}
 e - a scroll of teleportation {unknown}
 f - a scroll of identify {unknown}
 i - a scroll of brand weapon {unknown}
 k - a scroll of enchant armour {unknown}
Potions
 b - a potion of magic
 d - a potion of mutation {unknown}
 j - a potion of heal wounds {unknown}
 l - a potion of might {unknown}


   Skills:
 * Level 1.0 Fighting
 * Level 2.6 Dodging
 + Level 2.0 Stealth
 * Level 0.3 Unarmed Combat
 * Level 2.4 Spellcasting
 * Level 2.2 Conjurations
 * Level 4.8 Air Magic


You had 3 spell levels left.
You knew the following spells:

 Your Spells              Type           Power      Damage    Failure   Level
a - Shock                 Conj/Air       56%        1d6       4%          1
z - Static Discharge      Conj/Air       14%        N/A       7%          2

Your spell library contained the following spells:

 Spells                   Type           Power      Damage    Failure   Level
 Swiftness                Air            18%        N/A       8%          3
 Mephitic Cloud           Conj/Pois/Air  10%        N/A       22%         3
 Ignite Poison            Fire/Tmut/Pois 2%         N/A       50%         3
 Airstrike                Air            9%         N/A       26%         4
 Freezing Cloud           Conj/Ice/Air   5%         6-21      89%         5


Dungeon Overview and Level Annotations

Branches:
Dungeon (2/15)

Altars:

Shops:
D:2 (

Annotations:
D:2 Terence


Innate Abilities, Weirdness & Mutations

You have a beak for a mouth.
You have claws for feet.


Message History

Confirm with . or Enter, or press ? or * to list all spells.
You don't have enough magic to cast this spell.
Unknown command.
Casting: Shock (safe; 4% risk of failure)
Confirm with . or Enter, or press ? or * to list all spells.
You don't have enough magic to cast this spell.
Casting: Shock (safe; 4% risk of failure)
Confirm with . or Enter, or press ? or * to list all spells.
You don't have enough magic to cast this spell.
Casting: Shock (safe; 4% risk of failure)
Confirm with . or Enter, or press ? or * to list all spells.
You don't have enough magic to cast this spell.
Unknown command.
Unknown command.
Unknown command.
Unknown command.
You barely miss Terence. Your kick misses Terence. Your peck misses Terence.
Terence is lightly wounded.
Terence completely misses you.
Unknown command.
You hit Terence but do no damage. Your kick misses Terence.
You peck Terence, but do no damage.
Terence is lightly wounded.
Terence hits you with a +0 flail.
Unknown command.
You closely miss Terence. Your kick misses Terence.
You peck Terence, but do no damage.
Terence is lightly wounded.
Terence hits you with a +0 flail!
Unknown command.
You hit Terence.
Terence is moderately wounded.
Terence hits you with a +0 flail!
* * * LOW HITPOINT WARNING * * *
Unknown command.
You barely miss Terence.
Terence is moderately wounded.
Terence asks, "Do you want it fast or slow?"
Terence hits you with a +0 flail.
You die...

..#.# .. ....... .8#.#
.#.# #.# .......
###.##.#.# #.# .....#
....##.#.# ###.##.....#
#####....# #..........##
......#..# #............
###.#.#..# #............
#.#.#..# #............
#......####†..@@.......
###.#..................
......#######..........##
####### #....>######
#.....# #.....# #######


You could see Terence.

Vanquished Creatures
  Jessica (D:2)
  3 bats
  An endoplasm (D:2)
  6 goblins (D:2)
  3 hobgoblins
  3 kobolds
  2 quokkas
  3 ball pythons (D:2)
  3 frilled lizards (D:2)
  A rat (D:2)
26 creatures vanquished.

Vanquished Creatures (others)
  4 plants (D:2)
4 creatures vanquished.

Grand Total: 30 creatures vanquished

Notes
Turn   | Place    | Note
-------+----------+-------------------------------------------
     0 | D:1      | Morbidden the Tengu Air Elementalist began the quest for
                  | the Orb.
     0 | D:1      | Reached XP level 1. HP: 10/10 MP: 4/4
   599 | D:1      | Reached XP level 2. HP: 16/16 MP: 1/6
   709 | D:1      | Found a faded altar of an unknown god.
  1496 | D:2      | Found Zuipu's Antique Weapon Shop.
  1629 | D:2      | Learned a level 2 spell: Static Discharge
  1818 | D:2      | Reached XP level 3. HP: 20/20 MP: 5/7
  1850 | D:2      | Noticed Jessica
  1856 | D:2      | Killed Jessica
  1995 | D:2      | Reached skill level 1 in Fighting
  2045 | D:2      | Noticed Terence
  2057 | D:2      | Slain by Terence

Illustrated notes

Levels and vault maps discovered:
D:1:      nicolae_arrival_washed_ashore, layout_loops_cross,
          shapermc_ecumenical_altar_acropolis, serial_bayou_lake_a
D:2:      minmay_door_path, layout_basic, serial_shops,
          nicolae_shop_overgrown_old_shop, uniq_sigmund, uniq_robin,
          uniq_terence, uniq_jessica

Skill      XL: |  1  2  3 |
---------------+----------+-----
Conjurations   | 2 |  2.2
Fighting       | 1 |  1.0
Dodging        | |  2.6
Stealth        | |  2.0
Unarmed Combat | |  0.3
Spellcasting   | |  2.4
Air Magic      | |  4.8

Action                   || total
-------------------------++-------
Melee: Unarmed           ||    35
       Kick              ||     7
       Peck              ||     6
 Cast: Shock             ||    54
Armor: Robe              ||     4
Dodge: Dodged            ||    11

Table legend: (Time is in decaauts)
 A = Elapsed time spent in this place.
 B = Non-inter-level travel time spent in this place.
 C = Inter-level travel time spent in this place.
 D = Time resting spent in this place.
 E = Time spent auto-exploring this place.
 F = Levels seen in this place.
 G = Mean time per level.
                   A        B        C        D        E       F      G
               +--------+--------+--------+--------+--------+-----+--------+
         Total |   2078 |   1995 |     83 |    287 |   1521 |   2 | 1039.0 |
       Dungeon |   2078 |   1995 |     83 |    287 |   1521 |   2 | 1039.0 |
               +--------+--------+--------+--------+--------+-----+--------+

Top non-repeatable levels by time:
     D:1: 1238 daAuts
     D:2: 839 daAuts
